 Dungeon Crawl Stone Soup version 0.29.1-13-g9f3cf754e1 (webtiles) character file.

Game seed: 5862487559471417358

9 HakeonGodeson the Shield-Bearer (level 2, 0/24 HPs)
             Began as a Human Fighter on Jan 29, 2023.
             Slain by an adder (1 damage)
             ... on level 2 of the Dungeon.
             The game lasted 00:01:04 (408 turns).

HakeonGodeson the Shield-Bearer (Human Fighter)      Turns: 408, Time: 00:01:06

Health: 0/24       AC:  6    Str: 16    XL:     2   Next: 25%
Magic:  2/2        EV:  8    Int:  8    God:
Gold:   28         SH:  4    Dex: 12    Spells: 1/1 levels left

rFire   . . .      SeeInvis .   a - +0 long sword
rCold   . . .      Faith    .   c - +0 buckler
rNeg    . . .      Spirit   .   b - +0 scale mail
rPois   .          Reflect  .   (no helmet)
rElec   +          Harm     .   (no cloak)
rCorr   .          Rampage  .   (no gloves)
Will    .....      Clarity  +   (no boots)
Stlth   ..........              (no amulet)
HPRegen 0.08/turn               (no ring)
MPRegen 0.08/turn               (no ring)

@: no status effects
A: talons 1, clarity, screaming 1, electricity resistance
a: no special abilities


You were on level 2 of the Dungeon.
You visited 1 branch of the dungeon, and saw 2 of its levels.

You collected 28 gold pieces.

Inventory:

Hand Weapons
 a - a +0 long sword (weapon)
Armour
 b - a +0 scale mail (worn)
 c - a +0 buckler (worn)
Scrolls
 f - a scroll of fear {unknown}
Potions
 d - a potion of might


   Skills:
 * Level 3.1 Fighting
 * Level 2.1 Long Blades
 * Level 3.1 Armour
 * Level 0.2 Dodging
 * Level 0.1 Stealth
 * Level 3.1 Shields


You had one spell level left.
You didn't know any spells.
Your spell library was empty.

Dungeon Overview and Level Annotations

Branches:
Dungeon (2/15)

Altars:


Innate Abilities, Weirdness & Mutations

You have sharp toenails.
You possess an exceptional clarity of mind.
You occasionally shout uncontrollably at your foes.
You are resistant to electric shocks. (rElec)


Message History

You hit the rat.
You kill the rat!
The kobold hits you with a +0 dagger.
You slash the kobold!
You kill the kobold!
The adder bites you but does no damage.
You miss the adder. The adder bites you.
You are poisoned.
The adder poisons you! The adder bites you.
You are more poisoned.
The adder poisons you!
You slash the adder!
The adder is severely wounded.
You feel very sick. The adder bites you but does no damage.
It was a potion of mutation.
You feel extremely strange.
You feel insulated.
Your thoughts seem clearer.
You feel the urge to shout.
Your toenails lengthen and sharpen.
You feel sick. The adder bites you but does no damage. The adder bites you.
You hit the adder. Your kick misses the adder.
The adder is almost dead.
You feel sick. The adder closely misses you.
You miss the adder.
The adder is almost dead.
You feel sick.
The adder bites you but does no damage. x2
You closely miss the adder.
The adder is almost dead.
You feel sick. The adder bites you but does no damage.
You block the adder's attack.
You closely miss the adder.
The adder is almost dead.
You feel sick. The adder bites you.
* * * LOW HITPOINT WARNING * * *
You barely miss the adder.
The adder is almost dead.
* * * LOW HITPOINT WARNING * * *
You feel sick.
You are no longer poisoned.
The adder bites you but does no damage. The adder bites you.
You die...

........ ..).......
.........# ........#
.......### ##..##...#
. #...##S#S# #.
#......#S# #.##
#.....##@#
#...##.....##........
#........###.......
##.......# ..?....
#........# .......
......#<....# #######
###.. #.....# ...
......# ... .......#


You could see 2 adders.

Vanquished Creatures
  A dart slug (D:1)
  An endoplasm (D:1)
  2 hobgoblins (D:1)
  A kobold (D:2)
  2 rats
7 creatures vanquished.

Notes
Turn   | Place    | Note
-------+----------+-------------------------------------------
     0 | D:1      | HakeonGodeson the Human Fighter began the quest for the
                  | Orb.
     0 | D:1      | Reached XP level 1. HP: 18/18 MP: 1/1
   150 | D:1      | Reached XP level 2. HP: 5/24 MP: 2/2
   403 | D:2      | Gained mutation: You are resistant to electric shocks.
                  | (rElec) [potion of mutation]
   403 | D:2      | Gained mutation: You possess an exceptional clarity of
                  | mind. [potion of mutation]
   403 | D:2      | Gained mutation: You occasionally shout uncontrollably at
                  | your foes. [potion of mutation]
   403 | D:2      | Gained mutation: You have sharp toenails. [potion of
                  | mutation]
   408 | D:2      | HP: 1/24 [poisoned by an adder]
   408 | D:2      | Slain by an adder

Illustrated notes

Levels and vault maps discovered:
D:1:      minmay_arrival_stone_box, layout_basic
D:2:      layout_rooms, shapermc_ecumenical_altar_petra, uniq_terence

Action                   || total
-------------------------++-------
Melee: Long sword        ||    29
  Use: Potion            ||     1
Armor: Scale mail        ||    21
Dodge: Dodged            ||     8
Block: Buckler           ||     5
